Map: Prestige Of The Damned

Players

Pinkani

  • Race: Terran Terran

PitouPitou - Winner!

  • Race: Zerg Zerg

getmm - Winner!

  • Race: Protoss Protoss

Wuzzo

  • Race: Protoss Protoss

VOD

Have the link to the VOD?

Description

Time

  • Played on: April 16, 2016, 9:52 p.m.
  • Length: 35:28
Show
View Real Time Build Order
Export as new Build Order

Pinkani Terran 

Build Orders:  

Get SALT Encoding   

  12  0:21  SCV  
  13  0:33  SCV  
  14  0:36  Supply Depot  
  14  0:45  Engineering Bay, SCV  
  15  0:58  SCV  
  16  1:09  Barracks  
  16  1:24  Missile Turret  
  16  1:35  Refinery  
  16  1:59  Refinery  
  16  3:08  Planetary Fortress  
  16  3:15  Barracks Reactor  
  2  3:58  SCV  
  3  4:03  Marine x2  
  5  4:11  SCV  
  6  4:20  Marine  
  6  4:21  Marine  
  6  4:23  SCV  
  9  4:35  SCV  
  10  4:38  Marine x2  
  12  4:47  SCV  
  13  4:56  Marine x2  
  13  4:59  SCV  
  16  5:11  SCV  
  17  5:14  Marine x2  
  19  5:31  SCV  
  19  5:32  Marine x2  
  22  5:44  SCV  
  22  5:47  Terran Infantry Weapons Level 1  
  11  6:16  Reaper  
  12  6:18  Marine  
  12  6:25  SCV  
  14  6:36  Marine  
  15  6:47  Marine  
  12  7:31  Marine x2  
  14  7:42  Terran Infantry Armor Level 1  
  14  7:48  SCV  
  14  7:49  Marine x2  
  17  8:00  SCV  
  18  8:06  Marine  
  18  8:07  Marine  
  18  8:21  SCV  
  18  8:24  Marine x2  
  21  8:42  Marine  
  21  8:45  SCV  
  21  8:46  Bunker  
  23  9:16  Factory  
  23  9:36  Bunker  
  23  10:11  Factory Tech Lab  
  23  10:12  Supply Depot  
  23  10:33  SCV  
  24  10:36  Starport  
  24  10:45  SCV  
  24  10:49  Armory  
  22  10:57  SCV  
  23  11:08  Bunker  
  23  11:22  Supply Depot  
  23  11:24  Marine x2  
  25  11:43  Bunker  
  25  11:54  Marine  
  25  11:55  Marine  
  27  12:19  Sensor Tower  
  26  13:04  Thor  
  32  13:44  Terran Infantry Weapons Level 2  
  32  13:47  Widow Mine  
  34  14:15  Widow Mine  
  36  14:40  Barracks Tech Lab  
  36  14:44  Widow Mine  
  38  14:52  Supply Depot  
  38  15:13  Widow Mine  
  36  16:00  Terran Infantry Armor Level 2  
  36  16:35  Widow Mine  
  38  16:41  Drilling Claws  
  38  17:03  Ghost Academy  
  38  17:04  Widow Mine  
  38  17:07  Terran Vehicle Weapons Level 1  
  40  17:32  Widow Mine  
  38  18:01  Widow Mine  
  40  18:12  Ghost  
  42  18:17  Personal Cloaking  
  42  18:29  Widow Mine  
  44  19:02  Terran Vehicle And Ship Armor Level 1  
  44  19:13  Supply Depot  
  44  19:22  Supply Depot  
  44  19:24  SCV  
  45  19:34  Thor  
  45  19:36  Supply Depot, SCV  
  52  19:43  Nuke  
  52  19:48  SCV  
  53  20:17  Thor  
  59  21:00  Thor  
  65  21:39  Nuke  
  65  21:43  Thor  
  70  22:35  Supply Depot  
  70  22:39  Supply Depot  
  70  22:44  Supply Depot  
  70  22:56  Widow Mine, Ghost  
  74  23:25  Widow Mine  
  76  23:54  Thor  
  82  24:36  Thor  
  88  25:19  Thor  
  88  26:10  Widow Mine  
  84  26:39  Thor  
  84  27:22  Thor  
  90  28:36  Command Center  
  90  29:48  Thor  
  96  30:05  Refinery, Planetary Fortress  
  96  30:30  Thor  
  98  32:10  Supply Depot  
  98  32:15  Supply Depot  
  98  32:31  Ghost  
  100  32:50  Factory Tech Lab  
  100  34:25  Command Center  
Show
View Real Time Build Order
Export as new Build Order

PitouPitou Zerg - Winner!

Build Orders: Pool First 

Get SALT Encoding   

  12  0:11  Overlord  
  13  0:14  Drone  
  13  0:22  Drone  
  14  0:29  Drone  
  15  0:48  Drone  
  15  0:49  Spawning Pool  
  15  0:57  Drone  
  16  1:04  Extractor  
  16  1:06  Drone, Extractor  
  15  1:18  Drone x2  
  17  1:35  Drone  
  18  1:41  Drone  
  18  1:42  Roach Warren  
  18  2:04  Hatchery  
  18  2:07  Zergling x2  
  18  2:20  Zergling x4  
  18  2:21  Zergling x2  
  21  2:35  Overlord  
  21  2:57  Roach x2  
  25  3:10  Roach  
  27  3:21  Lair  
  26  3:47  Roach x4  
  26  3:48  Roach  
  31  4:08  Roach  
  31  4:12  Drone  
  31  4:13  Drone x2  
  34  4:39  Zergling x4  
  34  4:42  Overlord  
  36  5:01  Evolution Chamber  
  36  5:03  Roach x2  
  39  5:13  Hydralisk Den  
  38  5:16  Ravager  
  39  5:24  Drone x3  
  39  5:27  Extractor  
  41  5:34  Extractor  
  40  5:41  Ravager  
  41  6:00  Roach  
  41  6:03  Overlord x5  
  36  6:24  Roach x3  
  32  6:40  Roach x3  
  36  6:50  Hydralisk  
  38  6:56  Drone  
  39  7:31  Burrow  
  39  7:38  Hydralisk  
  39  7:39  Hydralisk x2  
  45  7:51  Baneling Nest  
  45  7:52  Drone x4  
  45  8:19  Hydralisk  
  37  8:20  Hydralisk x3  
  37  8:38  Hydralisk x2  
  41  8:56  Zergling x6  
  41  9:02  Hydralisk x2  
  48  9:10  Zergling x2  
  48  9:13  Queen  
  51  9:22  Queen  
  53  9:29  Baneling x3  
  53  9:40  Baneling x3  
  53  9:42  Drone  
  54  9:51  Baneling x2  
  54  10:20  Hydralisk x4  
  50  10:59  Hydralisk x4  
  50  11:00  Hydralisk  
  60  11:20  Hydralisk x3  
  66  11:50  Zergling x6  
  66  11:53  Centrifical Hooks  
  69  12:00  Hydralisk x12  
  69  12:01  Hydralisk x7  
  69  12:14  Hydralisk  
  69  12:15  Hydralisk x2  
  75  12:34  Hydralisk x3  
  81  12:54  Queen  
  49  13:23  Hydralisk x6  
  55  13:43  Hydralisk x2  
  59  13:56  Queen  
  59  14:00  Drone x2  
  59  14:02  Drone  
  64  14:16  Baneling  
  64  14:17  Baneling x3  
  64  14:34  Baneling  
  64  14:35  Zergling x2  
  64  14:36  Zergling x10  
  48  15:03  Hydralisk x3  
  48  15:04  Hydralisk  
  45  15:27  Baneling  
  45  15:28  Baneling x5  
  45  15:37  Spire  
  44  15:57  Baneling x5  
  44  15:58  Baneling  
  44  16:07  Hydralisk x3  
  44  16:10  Hydralisk  
  44  16:11  Hydralisk  
  54  16:21  Infestation Pit  
  54  16:25  Drone x2  
  55  16:50  Corruptor  
  55  16:51  Corruptor x2  
  61  17:03  Hive  
  51  17:52  Infestor x2  
  51  17:53  Infestor  
  57  18:08  Hydralisk x2  
  57  18:09  Hydralisk x2  
  65  18:40  Queen  
  67  18:44  Hatchery  
  66  18:50  Pathogen Glands  
  66  18:54  Infestor  
  68  19:16  Queen  
  70  19:52  Queen  
  72  20:34  Drone x3  
  75  20:38  Hydralisk x5  
  75  20:39  Hydralisk  
  87  21:41  Hydralisk  
  87  21:43  Overlord x2  
  63  23:20  Hydralisk x5  
  63  23:21  Hydralisk x4  
  81  23:38  Ultralisk Cavern  
  80  24:27  Ultralisk  
  80  24:28  Ultralisk x2  
  80  24:31  Overlord x4  
  98  24:32  Overlord x2  
  98  24:50  Overseer  
  98  25:03  Ultralisk x2  
  60  26:10  Ultralisk x2  
  60  26:11  Ultralisk x2  
  58  26:24  Hydralisk  
  60  26:34  Drone x2, Extractor  
  60  26:35  Drone  
  60  26:36  Extractor  
  61  26:42  Baneling x4  
  61  26:46  Baneling  
  61  26:50  Chitinous Plating  
  59  27:27  Drone x2  
  59  27:28  Drone  
  62  27:31  Ultralisk  
  68  28:00  Drone  
  68  28:01  Drone x2  
  71  28:15  Zerg Ground Armor Level 1  
  71  28:36  Ultralisk x2  
  83  29:21  Ultralisk x3  
  101  29:27  Extractor  
  101  29:28  Extractor  
  99  29:32  Hatchery  
  98  29:43  Queen  
  100  29:54  Queen x2  
  100  30:18  Queen x2  
  104  30:53  Queen x2  
  104  30:54  Queen x2  
  108  31:05  Ultralisk  
  114  31:30  Queen  
  116  31:38  Drone  
  116  31:39  Drone x2  
  119  32:00  Ultralisk x2  
  131  32:05  Queen  
  133  32:11  Drone x2  
  131  33:02  Ultralisk x2  
  131  33:03  Ultralisk  
  149  33:14  Drone x2  
  149  33:15  Drone  
  140  34:44  Ultralisk x2  
  140  34:45  Ultralisk x2  
Show
View Real Time Build Order
Export as new Build Order

getmm Protoss - Winner!

Build Orders:  

Get SALT Encoding   

  12  0:04  Probe (Chrono Boost)  
  13  0:27  Pylon  
  13  1:26  Probe (Chrono Boost)  
  14  1:36  Probe (Chrono Boost)  
  15  1:47  Probe (Chrono Boost)  
  15  1:51  Gateway  
  16  2:02  Forge  
  16  2:10  Assimilator  
  16  2:12  Assimilator  
  16  2:23  Pylon  
  16  2:25  Pylon  
  16  2:46  Gateway  
  16  2:48  Gateway  
  16  2:55  Pylon  
  16  3:01  Probe (Chrono Boost)  
  17  3:12  Probe (Chrono Boost)  
  18  3:18  Cybernetics Core  
  18  3:22  Probe (Chrono Boost)  
  19  3:31  Pylon  
  19  3:39  Zealot  
  21  3:41  Zealot  
  21  3:43  Zealot  
  25  3:50  Probe (Chrono Boost)  
  26  3:59  Warp Gate  
  26  4:00  Probe (Chrono Boost)  
  27  4:06  Zealot  
  27  4:08  Zealot  
  31  4:10  Zealot  
  33  4:48  Nexus  
  33  4:56  Stalker  
  33  4:57  Stalker  
  33  4:59  Stalker  
  39  5:08  Assimilator  
  39  5:12  Assimilator  
  39  5:46  Probe (Chrono Boost)  
  41  5:57  Probe (Chrono Boost)  
  41  6:02  Probe (Chrono Boost)  
  42  6:07  Probe (Chrono Boost)  
  43  6:13  Probe (Chrono Boost)  
  43  6:18  Probe (Chrono Boost)  
  45  6:23  Probe (Chrono Boost)  
  46  6:29  Probe (Chrono Boost)  
  46  6:31  Twilight Council  
  47  6:34  Probe (Chrono Boost)  
  48  6:44  Probe (Chrono Boost)  
  48  6:46  Pylon  
  49  6:47  Pylon  
  49  7:07  Robotics Facility  
  49  7:09  Robotics Facility  
  49  7:21  Probe (Chrono Boost)  
  50  7:31  Protoss Ground Weapons Level 1, Probe (Chrono Boost)  
  50  7:37  Blink  
  51  7:42  Probe (Chrono Boost)  
  52  7:52  Probe (Chrono Boost)  
  51  8:03  Probe (Chrono Boost)  
  36  8:23  Pylon  
  36  8:33  Pylon  
  36  8:35  Probe (Chrono Boost)  
  37  8:45  Probe (Chrono Boost)  
  38  8:57  Probe  
  39  9:09  Probe  
  40  9:12  Observer  
  40  9:15  Observer  
  42  9:22  Stalker  
  44  9:26  Stalker  
  44  9:27  Stalker  
  48  9:33  Immortal  
  48  9:36  Immortal  
  56  9:40  Gateway  
  56  9:46  Gateway  
  56  9:48  Gateway  
  56  9:51  Gateway  
  56  9:52  Gateway  
  56  10:02  Pylon  
  56  10:09  Dark Shrine  
  56  10:13  Immortal  
  60  10:15  Immortal  
  64  10:24  Robotics Bay  
  64  10:31  Photon Cannon  
  64  10:32  Photon Cannon  
  64  10:34  Photon Cannon  
  64  11:48  Forge  
  64  11:52  Forge  
  64  12:31  Protoss Ground Armor Level 1  
  64  12:33  Protoss Shields Level 1  
  64  12:35  Protoss Ground Weapons Level 2  
  64  13:03  Pylon  
  64  13:34  Observer Gravitic Boosters  
  64  13:49  Photon Cannon  
  64  13:56  Photon Cannon  
  64  13:58  Photon Cannon  
  64  13:59  Photon Cannon  
  64  14:24  Pylon  
  64  14:51  Photon Cannon  
  41  16:16  Stalker  
  41  16:17  Stalker  
  41  16:18  Stalker  
  47  16:21  Stalker  
  47  16:22  Stalker  
  49  16:26  Stalker  
  49  16:27  Stalker  
  49  16:29  Stalker  
  40  17:04  Protoss Ground Weapons Level 3  
  40  17:06  Protoss Ground Armor Level 2  
  40  17:09  Protoss Shields Level 2  
  40  17:14  Mothership Core  
  42  17:43  Stargate  
  42  17:45  Stargate  
  42  17:50  Stargate  
  42  17:53  Stargate  
  42  17:54  Stargate  
  42  17:57  Stargate  
  42  17:59  Stargate  
  42  18:09  Stalker  
  42  18:10  Stalker  
  42  18:12  Stalker  
  48  18:14  Stalker x2  
  48  18:18  Stalker  
  54  18:20  Stalker  
  54  18:22  Stalker  
  42  20:10  Void Ray  
  42  20:12  Void Ray  
  50  20:14  Void Ray  
  50  20:15  Void Ray  
  50  20:17  Void Ray  
  62  20:27  Void Ray  
  66  20:53  Void Ray, Stalker  
  66  20:54  Stalker  
  66  20:55  Void Ray, Stalker  
  66  20:56  Stalker  
  82  20:57  Stalker  
  82  20:58  Void Ray, Stalker  
  82  20:59  Stalker  
  82  21:00  Void Ray, Stalker  
  82  21:03  Pylon  
  98  21:41  Void Ray  
  102  21:53  Void Ray  
  106  21:55  Void Ray  
  106  21:57  Void Ray  
  106  21:58  Void Ray  
  118  22:08  Pylon  
  118  22:12  Pylon  
  118  22:14  Pylon  
  118  22:15  Pylon  
  118  22:26  Void Ray  
  122  22:37  Stalker  
  122  22:38  Stalker  
  122  22:39  Stalker x2  
  122  22:40  Stalker  
  122  22:42  Stalker x2  
  122  22:44  Stalker  
  50  26:09  Stalker x2  
  50  26:10  Stalker  
  50  26:11  Stalker x2  
  58  26:12  Stalker  
  58  26:13  Stalker  
  58  26:14  Stalker  
  50  26:54  Void Ray  
  50  26:56  Void Ray  
  50  26:59  Void Ray  
  50  27:01  Void Ray  
  66  27:03  Void Ray  
  70  27:14  Void Ray  
  74  27:18  Void Ray  
  78  27:37  Void Ray  
  78  27:39  Void Ray  
  78  27:42  Void Ray  
  78  27:43  Void Ray  
  94  27:46  Void Ray  
  98  27:57  Void Ray  
  102  28:00  Void Ray  
  106  28:15  Assimilator  
  106  28:18  Assimilator  
  106  28:20  Void Ray  
  106  28:22  Void Ray  
  106  28:24  Void Ray  
  106  28:26  Void Ray  
  122  28:29  Void Ray  
  126  28:37  Protoss Air Weapons Level 1  
  126  28:40  Void Ray  
  130  28:43  Void Ray  
  134  29:19  Probe  
  136  29:31  Probe  
  136  29:43  Probe  
  137  30:31  Protoss Air Armor Level 1  
  137  30:33  Fleet Beacon  
  137  31:25  Pylon  
  137  31:26  Pylon  
  137  31:29  Pylon  
  137  31:33  Pylon  
  137  31:34  Pylon  
  137  31:36  Pylon  
  137  31:39  Pylon  
  143  33:46  Nexus  
  143  33:54  Assimilator  
  143  33:57  Assimilator  
  143  34:02  Assimilator  
  143  34:06  Assimilator  
Show
View Real Time Build Order
Export as new Build Order

Wuzzo Protoss 

Build Orders:  

Get SALT Encoding   

  12  0:10  Probe (Chrono Boost)  
  13  0:20  Probe (Chrono Boost)  
  14  0:24  Pylon  
  14  0:45  Gateway  
  14  0:49  Probe (Chrono Boost)  
  15  0:59  Probe (Chrono Boost)  
  15  1:00  Assimilator  
  16  1:10  Probe (Chrono Boost)  
  17  1:21  Pylon  
  17  1:33  Pylon  
  17  1:37  Assimilator  
  17  1:41  Probe (Chrono Boost)  
  18  1:51  Cybernetics Core  
  18  1:52  Probe (Chrono Boost)  
  19  2:02  Probe (Chrono Boost)  
  20  2:13  Probe (Chrono Boost)  
  20  2:14  Forge  
  21  3:08  Zealot (Chrono Boost)  
  23  3:23  Photon Cannon  
  23  3:27  Photon Cannon  
  23  3:44  Zealot (Chrono Boost)  
  19  4:03  Photon Cannon  
  19  4:08  Zealot (Chrono Boost)  
  21  4:17  Pylon  
  21  4:22  Pylon  
  21  4:24  Probe  
  22  4:35  Zealot (Chrono Boost)  
  22  4:36  Probe  
  25  4:43  Photon Cannon  
  25  4:48  Probe  
  26  5:00  Probe  
  27  5:12  Probe  
  27  5:14  Pylon, Photon Cannon  
  28  5:31  Probe  
  29  5:43  Probe  
  29  5:48  Stargate  
  30  5:55  Probe  
  31  6:05  Photon Cannon  
  25  6:30  Stalker (Chrono Boost)  
  27  6:56  Stalker (Chrono Boost)  
  27  7:01  Void Ray  
  33  7:20  Photon Cannon  
  33  7:39  Photon Cannon  
  33  7:46  Photon Cannon  
  33  7:48  Void Ray  
  32  8:32  Void Ray  
  36  9:14  Nexus  
  36  9:15  Void Ray  
  40  9:18  Pylon  
  40  9:24  Pylon  
  40  9:58  Void Ray  
  44  10:08  Photon Cannon  
  44  10:14  Photon Cannon  
  44  10:20  Photon Cannon  
  44  10:29  Photon Cannon  
  44  10:33  Probe  
  45  10:44  Probe  
  42  11:06  Probe  
  43  11:14  Void Ray  
  43  11:17  Probe  
  48  11:27  Probe  
  49  11:38  Probe  
  50  12:01  Probe  
  50  12:04  Fleet Beacon  
  50  12:06  Mothership Core  
  53  12:11  Probe  
  54  12:16  Void Ray (Chrono Boost)  
  58  12:34  Photon Cannon  
  58  12:38  Photon Cannon  
  58  12:43  Photon Cannon  
  58  12:54  Tempest (Chrono Boost)  
  52  13:31  Void Ray (Chrono Boost)  
  56  13:52  Photon Cannon  
  56  14:04  Probe  
  56  14:08  Void Ray (Chrono Boost)  
  61  14:11  Assimilator  
  61  14:14  Assimilator  
  61  14:15  Probe  
  62  14:25  Probe  
  62  14:27  Mothership Core  
  65  14:36  Probe  
  70  14:46  Void Ray (Chrono Boost), Probe  
  67  14:57  Probe  
  60  15:23  Tempest (Chrono Boost)  
  59  16:00  Tempest (Chrono Boost)  
  60  16:10  Probe  
  61  16:21  Probe  
  62  16:36  Pylon  
  62  16:53  Probe  
  62  16:55  Oracle (Chrono Boost)  
  66  17:03  Probe  
  57  17:25  Void Ray (Chrono Boost)  
  53  17:55  Stargate  
  53  18:07  Void Ray (Chrono Boost)  
  57  18:37  Probe  
  58  18:46  Void Ray (Chrono Boost)  
  58  18:47  Probe  
  62  18:50  Void Ray (Chrono Boost)  
  67  18:58  Mothership Core (Chrono Boost)  
  67  18:59  Probe (Chrono Boost)  
  70  19:34  Pylon  
  70  19:36  Pylon  
  70  19:52  Void Ray x2  
  65  20:34  Void Ray (Chrono Boost)  
  73  20:36  Tempest (Chrono Boost)  
  73  20:42  Stargate  
  81  21:20  Void Ray (Chrono Boost), Tempest (Chrono Boost)  
  85  21:52  Void Ray (Chrono Boost)  
  85  21:54  Pylon  
  85  21:57  Pylon  
  85  22:01  Pylon  
  85  22:09  Pylon  
  85  22:12  Void Ray (Chrono Boost)  
  93  22:18  Void Ray (Chrono Boost)  
  91  22:34  Void Ray (Chrono Boost)  
  63  22:49  Tempest (Chrono Boost)  
  57  23:01  Void Ray (Chrono Boost)  
  46  23:17  Void Ray (Chrono Boost)  
  46  23:27  Tempest (Chrono Boost)  
  54  23:43  Void Ray (Chrono Boost)  
  58  24:00  Void Ray (Chrono Boost)  
  62  24:26  Void Ray (Chrono Boost)  
  66  24:43  Void Ray (Chrono Boost)  
  66  25:09  Tempest (Chrono Boost)  
  9  28:50  Assimilator  
  9  30:20  Nexus  
  8  30:59  Void Ray (Chrono Boost)  
  10  31:37  Void Ray (Chrono Boost)  
  14  32:14  Void Ray (Chrono Boost)  
  22  32:51  Void Ray (Chrono Boost)  
  22  33:28  Void Ray (Chrono Boost)  
Tags
 
Add a new tag
Caveats
  • Supply blocks, unpowered buildings, or Contaminate may cause inaccurate times.
  • Supply counts are checked every 10 seconds.